 Dungeon Crawl Stone Soup version 0.30-a0-870-gc5d4c5acee (webtiles) character file.

Game seed: 852852765636853518

218224 cforsyth the Tortoise (level 18, -5/153 HPs)
             Began as a Barachi Fighter on Mar 11, 2023.
             Was the Champion of Cheibriados.
             Slain by a deep troll (7 damage)
             ... led by an ironbound preserver
             ... on level 1 of the Vaults.
             The game lasted 01:56:47 (54283 turns).

cforsyth the Tortoise (Barachi Fighter)            Turns: 54283, Time: 01:56:48

Health: -5/153     AC: 33    Str: 38    XL:     18   Next: 60%
Magic:  9/37       EV: 15    Int: 38    God:    Cheibriados [******]
Gold:   4163       SH: 15    Dex: 28    Spells: 42/48 levels left

rFire   . . .      SeeInvis +    a - +5 demon blade (freeze)
rCold   . . .      Faith    .    c - +0 kite shield
rNeg    + . .      Spirit   .    B - +1 crystal plate armour
rPois   +          Reflect  .    I - +0 helmet {Int+3}
rElec   .          Rampage  .    R - scarf {repulsion}
rCorr   .                        V - +2 pair of gloves
Will    +....                    Y - +0 pair of boots {Fly} Stlth
                                 s - amulet "Ychuube" {RegenMP +Blink rN+}
HPRegen 0.45/turn                v - ring "Qufry" {Wiz rPois Int+2 SInv}
MPRegen 0.65/turn                X - ring of Fuafud {Str+4 Int+6}

@: flying, studying Transmutations, repel missiles, very slow
A: amphibious, slowness 1, strong legs 2, +LOS, dopey 1
}: 2/15 runes: decaying, gossamer
a: Hop, Renounce Religion, Evoke Blink, Bend Time, Temporal Distortion, Slouch,
Step From Time


You were on level 1 of the Vaults.
You worshipped Cheibriados.
Cheibriados was exalted by your worship.
You visited 7 branches of the dungeon, and saw 32 of its levels.
You also visited: Ossuary, Bailey and Gauntlet.

You collected 4479 gold pieces.
You spent 316 gold pieces at shops.

Inventory:

Hand Weapons
 a - a +5 demon blade of freezing (weapon)
 b - the +4 falchion of Wariness {flame, rElec rN+ Dex-4}
   (You bought it in a shop on level 2 of the Orcish Mines)

   Dex:       It affects your dexterity (-4).
   rElec:     It insulates you from electricity.
   rN:        It protects you from negative energy.
 Q - a +2 scimitar of electrocution
 T - the +8 sling of the Eternal Void {antimagic, rF+ rN+}
   (You found it on level 5 of the Lair of Beasts)

   rF:        It protects you from fire.
   rN:        It protects you from negative energy.
 W - the +3 sling "Kyefaaz" {drain, rElec MP+9 Str+10 Dex-2}
   (You took it off an orc on level 12 of the Dungeon)

   Str:       It affects your strength (+10).
   Dex:       It affects your dexterity (-2).
   rElec:     It insulates you from electricity.
   MP:        It affects your magic capacity (+9).
Armour
 c - a +0 kite shield (worn)
 B - a +1 crystal plate armour (worn)
 I - a +0 helmet of intelligence (worn)
 R - a scarf of repulsion (worn)
 U - the +5 chain mail of Sunlight {Fly rPois Int-4}
   (You found it on level 12 of the Dungeon)

   Int:       It affects your intelligence (-4).
   rPois:     It protects you from poison.
   Fly:       It grants you flight.
 V - a +2 pair of gloves (worn)
 Y - a +0 pair of boots of flying (worn)
Jewellery
 k - a ring of protection from fire
 l - a ring of protection from cold
 s - the amulet "Ychuube" (around neck) {RegenMP +Blink rN+}
   (You found it in a Gauntlet)

   [amulet of magic regeneration]

   It increases your rate of magic regeneration.
   rN:        It protects you from negative energy.
   +Blink:    It lets you blink.
 v - the ring "Qufry" (left hand) {Wiz rPois Int+2 SInv}
   (You found it in a Gauntlet)

   [ring of wizardry]

   It improves your spell success rate.
   Int:       It affects your intelligence (+2).
   rPois:     It protects you from poison.
   SInv:      It lets you see invisible.
 M - a ring of protection from fire
 X - the ring of Fuafud (right hand) {Str+4 Int+6}
   (You found it in a Gauntlet)

   [ring of intelligence]

   Str:       It affects your strength (+4).
   Int:       It affects your intelligence (+6).
Wands
 d - a wand of flame (94)
 f - a wand of light (5)
 o - a wand of digging (16)
 x - a wand of mindburst (4)
 C - a wand of paralysis (14)
 J - a wand of roots (59)
 Z - a wand of polymorph (6)
Scrolls
 e - 5 scrolls of blinking
 g - 11 scrolls of fear
 m - 5 scrolls of vulnerability
 n - 2 scrolls of identify
 u - 9 scrolls of teleportation
 w - 3 scrolls of enchant weapon
 y - 6 scrolls of fog
 A - 7 scrolls of poison
 D - 2 scrolls of torment
 G - 3 scrolls of magic mapping
 K - 3 scrolls of brand weapon
 L - 4 scrolls of summoning
 N - 5 scrolls of enchant armour
 O - 4 scrolls of silence
 S - 2 scrolls of amnesia
Potions
 h - 2 potions of invisibility
 i - 13 potions of lignification
 j - 3 potions of resistance
 p - a potion of heal wounds
 q - 9 potions of curing
 r - 12 potions of brilliance
 t - 5 potions of mutation
 z - 10 potions of ambrosia
 E - 6 potions of attraction
 F - 8 potions of flight
 H - 3 potions of cancellation
 P - 2 potions of magic


   Skills:
 + Level 16.8 Fighting
 - Level 14.0 Long Blades
 + Level 16.8 Armour
 - Level 10.7 Dodging
 - Level 12.0 Shields
 + Level 15.5 Spellcasting
 + Level 10.9 Translocations
 - Level 5.0 Transmutations
 - Level 10.5 Ice Magic


You had 42 spell levels left.
You knew the following spells:

 Your Spells              Type           Power      Damage    Failure   Level
a - Manifold Assault      Tloc           85%        N/A       1%          4
b - Wereblood             Tmut           61%        N/A       1%          2

Your spell library contained the following spells:

 Spells                   Type           Power      Damage    Failure   Level
 Apportation              Tloc           100%       N/A       1%          1
 Beastly Appendage        Tmut           100%       N/A       1%          1
 Blink                    Tloc           100%       N/A       1%          2
 Ensorcelled Hibernation  Hex/Ice        100%       N/A       1%          2
 Frozen Ramparts          Ice            100%       1d16      1%          3
 Hailstorm                Conj/Ice       62%        3d13      2%          3
 Portal Projectile        Hex/Tloc       100%       N/A       2%          3
 Vhi's Electric Charge    Tloc/Air       100%       N/A       2%          3
 Ice Form                 Ice/Tmut       73%        N/A       3%          4
 Passwall                 Tmut/Erth      40%        N/A       4%          2
 Kindle Blastsparks       Fire/Tloc/Air  100%       2d18      5%          3
 Foxfire                  Conj/Fire      100%       2x1d9     8%          1
 Magic Dart               Conj           100%       1d8       8%          1
 Necrotise                Necr           100%       1d9       8%          1
 Summon Small Mammal      Summ           100%       N/A       8%          1
 Spider Form              Tmut/Pois      48%        N/A       9%          3
 Summon Ice Beast         Ice/Summ       62%        N/A       9%          4
 Call Imp                 Summ           29%        N/A       12%         2
 Static Discharge         Conj/Air       58%        2-5/arc   12%         2
 Ignite Poison            Fire/Tmut/Pois 42%        N/A       12%         3
 Call Canine Familiar     Summ           29%        N/A       22%         3
 Inner Flame              Hex/Fire       29%        N/A       22%         3
 Mephitic Cloud           Conj/Pois/Air  29%        N/A       22%         3
 Stone Arrow              Conj/Erth      58%        3d10      22%         3
 Swiftness                Air            29%        N/A       22%         3
 Vampiric Draining        Necr           29%        2d8       22%         3
 Blade Hands              Tmut           30%        N/A       26%         5
 Freezing Cloud           Conj/Ice/Air   27%        6-21      43%         5
 Animate Armour           Summ/Erth      58%        N/A       56%         4
 Cause Fear               Hex            14%        N/A       56%         4
 Flame Wave               Conj/Fire      29%        2d9       56%         4
 Leda's Liquefaction      Hex/Erth       14%        N/A       56%         4
 Sticky Flame             Conj/Fire      29%        2d5       56%         4
 Ozocubu's Refrigeration  Ice            41%        4d16      61%         7
 Agony                    Necr           29%        N/A       88%         5
 Arcjolt                  Conj/Air       14%        1d24      88%         5
 Fireball                 Conj/Fire      14%        3d8       88%         5
 Lightning Bolt           Conj/Air       14%        1d28      88%         5
 Iron Shot                Conj/Erth      14%        9d4       100%        6
 Starburst                Conj/Fire      14%        6d6       100%        6
 Dragon Form              Tmut           30%        N/A       100%        7
 Storm Form               Tmut/Air       24%        N/A       100%        7
 Ignition                 Fire           14%        3d6       100%        8
 Lehudib's Crystal Spear  Conj/Erth      14%        10d5      100%        8
 Dragon's Call            Summ           14%        N/A       100%        9


Dungeon Overview and Level Annotations

Branches:
Dungeon (15/15)            Temple (1/1) D:7            Lair (5/5) D:9
  Swamp (4/4) Lair:3       Spider (4/4) Lair:2        Slime (0/5) Lair:4
    Orc (2/2) D:11            Elf (0/3) Orc:2        Vaults (1/5) D:14
 Depths (0/4) D:15        Ossuary (visited)          Bailey (visited)
Gauntlet (visited)

Altars:
Ashenzari
Cheibriados
Dithmenos
Elyvilon
Fedhas
Gozag
Hepliaklqana
Kikubaaqudgha
Makhleb
Nemelex Xobeh
Okawaru
Qazlal
Ru
Sif Muna
Trog
Uskayaw
Vehumet
Wu Jian
Xom
Yredelemnul
Zin
The Shining One

Shops:
D:5 !   D:9 ?   Orc:1 =   Orc:2 **=[(

Annotations:
D:15 Roxanne
Spider:2 1 runed translucent door, Kilowitz's ghost, journeyman MiFi
Spider:4 3 runed translucent doors, Atatinuu's ghost, adept MiBe
Orc:2 3 runed translucent doors, jasper's ghost, journeyman DsFi
Vaults:1 Donald; Zenata


Innate Abilities, Weirdness & Mutations

You are amphibious.
You cover ground slowly.
You can hop long distances.
You have an extended range of vision and can be seen from far away.
You are dopey. (Int -2)


Message History

The harpy claws you but does no damage. The harpy closely misses you.
The ironbound preserver hits you with a +0 flail.
* * * LOW HITPOINT WARNING * * *
You slice the harpy!! You freeze the harpy.
You kill the harpy!
Cheibriados thoroughly appreciates the change of pace.
You completely miss the ironbound preserver.
The ironbound preserver is severely wounded.
The ironbound preserver barely misses you.
You slice the ironbound preserver!! You freeze the ironbound preserver!
The ironbound preserver is almost dead.
You hear a shout!
A deep troll comes into view.
The ironbound preserver casts a spell.
The ironbound preserver is healed somewhat.
You hit the ironbound preserver. You freeze the ironbound preserver.
The ironbound preserver is almost dead.
The ironbound preserver casts a spell.
The ironbound preserver begins to accept its allies' injuries.
You slash the ironbound preserver! You freeze the ironbound preserver.
You kill the ironbound preserver!
Cheibriados thoroughly appreciates the change of pace.
You barely miss the deep troll.
The deep troll bites you but does no damage.
You block the deep troll's attack. The deep troll closely misses you.
You slash the deep troll! You freeze the deep troll.
The deep troll is lightly wounded.
The deep troll bites you.
* * * LOW HITPOINT WARNING * * *
The deep troll claws you.
* * * LOW HITPOINT WARNING * * *
You block the deep troll's attack.
You hit the deep troll. You freeze the deep troll.
The deep troll is moderately wounded.
You barely miss the deep troll.
The deep troll is moderately wounded.
The deep troll bites you!
* * * LOW HITPOINT WARNING * * *
You block the deep troll's attack. The deep troll claws you!
You die...

####### #
#.....#..#
#.†[..'..#
#.@T..#
#.))..#
#..#'##
#..#...
#..# .>.
#### ####


You could see a deep troll.

Vanquished Creatures
  Nikola (Vaults:1)
  Rupert (D:13)
  Frances (D:12)
  2 thorn hunters
  Kirke (Swamp:2)
  3 emperor scorpions
  4 ghost moths
  An orc warlord (Orc:2)
  2 broodmothers
  2 ironbound preservers (Vaults:1)
  3 eleionomae
  4 spark wasps
  4 bunyips
  A minotaur (Gauntlet)
  2 dire elephants
  The ghost of monoptic the Protected, a journeyman MiFi of Trog (D:12)
  An ettin (D:15)
  2 shambling mangroves (Swamp:4)
  4 entropy weavers
  A fire dragon (Lair:5)
  A great orb of eyes (Vaults:1)
  An ironbound frostheart (Vaults:1)
  2 catoblepae
  A jorogumo (Spider:3)
  A radroach (Spider:2)
  8 vault guards (D:14)
  15 hydras
  3 centaur warriors
  A ghost crab (Swamp:3)
  9 boulder beetles
  A death knight (D:15)
  6 alligators
  2 orc high priests (Orc:2)
  A skyshark (shapeshifter) (D:13)
  A hell knight (D:15)
  The ghost of howech the Geomancer, a journeyman GrEE of Sif Muna (D:10)
  Sonja (D:13)
  A spriggan berserker (Swamp:4)
  A fire crab (Gauntlet)
  5 pharaoh ants
  Nergalle (Orc:2)
  3 sun moths (Spider:4)
  6 deep trolls
  Lodul (D:12)
  5 goliath frogs
  5 steelbarb worms
  4 spriggan druids
  11 bog bodies
  5 orb spiders
  2 wizards
  12 swamp dragons
  A phantasmal warrior (D:15)
  4 orc knights
  Pikel (D:6)
  A spectral hydra (Gauntlet)
  3 harpies (Vaults:1)
  17 wolf spiders
  2 lindwurms (Lair:5)
  18 ugly things
  3 manticores
  2 deep elf pyromancers
  A necromancer (D:15)
  4 cyclopes
  4 orc sorcerers
  4 black mambas
  3 demonic crawlers
  21 elephants
  Maggie (D:9)
  An unseen horror (D:12)
  2 torpor snails
  9 cane toads
  2 molten gargoyles (Lair:5)
  6 gargoyles
  2 rime drakes
  3 kobold demonologists
  4 freezing wraiths (D:15)
  2 yaktaurs (Vaults:1)
  An efreet (D:15)
  10 komodo dragons
  9 trolls
  2 tengu conjurers
  2 bloated husks
  A queen bee (D:10)
  2 polar bears
  A wind drake (shapeshifter) (D:15)
  15 hornets
  8 tyrant leeches
  18 tarantellas
  7 blink frogs
  6 meliai
  Prince Ribbit (D:5)
  7 dream sheep
  28 jumping spiders
  A spectral black mamba (Gauntlet)
  A centaur simulacrum (D:15)
  6 slime creatures
  24 culicivoras
  7 spriggans
  2 shadows
  2 wraiths
  Sigmund (D:2)
  A vampire (D:10)
  5 wyverns
  2 humans (D:10)
  5 basilisks
  4 fire bats (Gauntlet)
  25 yaks
  Grum (D:9)
  3 hogs (Swamp:2)
  54 redbacks
  3 steam dragons
  6 vampire mosquitoes
  16 swamp worms
  Menkaure (D:5)
  3 acid dragons
  3 wargs
  Duvessa (D:6)
  3 hell hounds (Lair:5)
  11 water moccasins
  6 swamp drakes
  45 orc warriors
  A black bear (D:4)
  13 ogres
  4 wolves
  10 centaurs
  3 lemures
  6 kobold brigands
  Blork the orc (Orc:1)
  3 gnoll sergeants
  2 scorpions (D:5)
  17 bullfrogs
  4 wights (D:7)
  Dowan (D:6)
  11 killer bees
  2 electric eels (Spider:4)
  The ghost of osoart the Grave Robber, a weakling DsNe (D:3)
  8 howler monkeys
  5 lava snakes (Lair:5)
  5 hounds
  2 human zombies (Ossuary)
  17 orc priests
  2 jellies
  Crazy Yiuf (D:6)
  A gnoll bouda (D:7)
  2 iguanas
  A sleepcap (D:5)
  21 orc wizards
  4 mummies (Ossuary)
  11 gnolls
  4 adders
  2 shadow imps
  3 white imps
  An adder zombie (Ossuary)
  A worm (D:2)
  4 dart slugs
  75 orcs
  8 endoplasms
  A giant cockroach (D:3)
  A gnoll zombie (Ossuary)
  3 goblins
  12 hobgoblins
  8 jackals
  6 quokkas
  7 ball pythons
  5 bats
  A frilled lizard (D:1)
  3 goblin zombies (Ossuary)
  2 hobgoblin zombies (Ossuary)
  30 kobolds
  A kobold zombie (Ossuary)
  2 orc zombies (Ossuary)
  4 rats (D:3)
982 creatures vanquished.

Vanquished Creatures (collateral kills)
  2 death scarabs (Gauntlet)
  A goblin (D:4)
  3 jackals (D:4)
6 creatures vanquished.

Vanquished Creatures (others)
  An eleionoma (Swamp:3)
  A two-headed ogre (D:11)
  A cane toad (Lair:2)
  A human (Swamp:2)
  An orc wizard (D:6)
  A quokka (D:4)
  A briar patch (Swamp:3)
  92 fungi
  97 plants
196 creatures vanquished.

Grand Total: 1184 creatures vanquished

Notes
Turn   | Place    | Note
-------+----------+-------------------------------------------
     0 | D:1      | cforsyth the Barachi Fighter began the quest for the Orb.
     0 | D:1      | Reached XP level 1. HP: 18/18 MP: 1/1
    45 | D:1      | Reached XP level 2. HP: 15/25 MP: 2/2
   296 | D:1      | Found a faded altar of an unknown god.
   716 | D:1      | Reached XP level 3. HP: 30/30 MP: 3/3
   857 | D:2      | You fall into a shaft and drop 1 floor!
  1047 | D:2      | Reached XP level 4. HP: 37/37 MP: 4/4
  1439 | D:2      | Noticed Sigmund
  1485 | D:2      | Killed Sigmund
  1486 | D:2      | Reached XP level 5. HP: 30/43 MP: 5/5
  1995 | D:3      | Reached XP level 6. HP: 50/50 MP: 6/6
  2084 | D:3      | Reached skill level 5 in Fighting
  2084 | D:3      | Reached skill level 5 in Armour
  2169 | D:3      | Found a runed translucent gate.
  2169 | D:3      | Found a runed translucent gate.
  2169 | D:3      | Found a runed translucent gate.
  2169 | D:3      | Noticed osoart's ghost (weakling DsNe)
  2346 | D:4      | Noticed a black bear
  2359 | D:4      | Killed a black bear
  2397 | D:4      | Found a sacrificial altar of Ru.
  2464 | D:4      | Found a sand-covered staircase.
  2469 | Ossuary  | Entered an ossuary
  2741 | Ossuary  | Reached skill level 5 in Shields
  2780 | Ossuary  | Reached XP level 7. HP: 31/56 MP: 7/7
  3252 | D:4      | Found a shimmering altar of Xom.
  3340 | D:4      | Found a white marble altar of Elyvilon.
  3655 | D:4      | Reached skill level 5 in Long Blades
  3789 | D:4      | Found a shadowy altar of Dithmenos.
  4425 | D:5      | Entered Level 5 of the Dungeon
  4425 | D:5      | Found Yhaged's Distillery.
  4472 | D:5      | Noticed Prince Ribbit
  4521 | D:5      | Killed Prince Ribbit
  4594 | D:5      | Identified the +6 quarterstaff "Wuot" {pain, Fragile rCorr
                  | Int+5 Dex+3}
  4604 | D:5      | Reached XP level 8. HP: 65/65 MP: 8/8
  4760 | D:5      | Noticed Menkaure
  4775 | D:5      | Killed Menkaure
  5967 | D:6      | Noticed Duvessa
  5967 | D:6      | Noticed Dowan
  6057 | D:6      | Noticed Pikel
  6466 | D:6      | Killed Pikel
  6467 | D:6      | Reached XP level 9. HP: 74/74 MP: 9/9
  6629 | D:6      | Noticed a manticore
  6647 | D:6      | Killed a manticore
  6721 | D:6      | Killed Dowan
  6979 | D:7      | Identified the +5 ring mail of the Butterfly {Int+2}
  7019 | D:7      | Identified a scroll of acquirement
  7019 | D:7      | Acquired a +2 scimitar of electrocution
  7111 | D:7      | Found a flagged portal.
  7123 | Bailey   | Entered a bailey
  7920 | Bailey   | Reached XP level 10. HP: 81/83 MP: 10/10
  8625 | D:7      | Found a staircase to the Ecumenical Temple.
  8979 | Temple   | Entered the Ecumenical Temple
  9118 | Temple   | Became a worshipper of Cheibriados the Contemplative
  9382 | D:8      | Reached * piety under Cheibriados
  9404 | D:8      | Found a large runed translucent door.
  9405 | D:8      | Found a large runed translucent door.
  9726 | D:8      | Found a hazy altar of Hepliaklqana.
  9726 | D:8      | Noticed a cyclops
  9733 | D:8      | Killed a cyclops
  9739 | D:8      | Found a sparkling altar of Nemelex Xobeh.
  9910 | D:9      | Found a staircase to the Lair.
  9969 | D:9      | Reached skill level 10 in Fighting
  9969 | D:9      | Reached skill level 10 in Armour
 10149 | D:9      | Reached skill level 10 in Long Blades
 10307 | D:9      | Reached XP level 11. HP: 83/92 MP: 11/11
 10389 | D:9      | Noticed Grum
 10398 | D:9      | Reached ** piety under Cheibriados
 10403 | D:9      | Killed Grum
 10929 | D:9      | Found Ujehuam's Magic Scroll Emporium.
 10934 | D:9      | Bought a scroll of teleportation for 42 gold pieces
 10934 | D:9      | Bought a scroll of teleportation for 42 gold pieces
 10955 | D:9      | Noticed Maggie
 10972 | D:9      | Killed Maggie
 11094 | D:10     | Entered Level 10 of the Dungeon
 11140 | D:10     | Found an iron altar of Okawaru.
 11371 | D:10     | Noticed a sea snake
 11516 | D:10     | Noticed howech's ghost (journeyman GrEE)
 11758 | D:10     | Found an ornate altar of the Wu Jian Council.
 11941 | D:10     | Reached *** piety under Cheibriados
 12187 | D:10     | Found a transporter.
 12193 | D:10     | Found a transporter.
 12388 | D:11     | Noticed a cyclops
 12519 | D:11     | Noticed a two-headed ogre
 12527 | D:11     | Killed a two-headed ogre
 12778 | D:11     | Found a staircase to the Orcish Mines.
 12818 | D:11     | Noticed a boulder beetle
 12835 | D:11     | Killed a boulder beetle
 12857 | D:11     | Killed a cyclops
 13057 | D:11     | Noticed a manticore
 13069 | D:11     | Killed a manticore
 13856 | D:12     | Reached skill level 1 in Spellcasting
 13858 | D:12     | Reached **** piety under Cheibriados
 13859 | D:12     | Reached XP level 12. HP: 53/100 MP: 11/15
 14642 | D:12     | Noticed Frances
 14782 | D:12     | Found a runed translucent gate.
 14782 | D:12     | Found a runed translucent gate.
 14782 | D:12     | Found a runed translucent gate.
 15025 | Lair:1   | Entered Level 1 of the Lair of Beasts
 15237 | Lair:1   | Reached skill level 5 in Spellcasting
 15976 | Lair:2   | Found a hole to the Spider Nest.
 16971 | Lair:2   | Reached ***** piety under Cheibriados
 17098 | Lair:2   | Identified the +2 leather armour "Ituth" {rElec rN+ Will+}
 17208 | Lair:2   | Reached skill level 1 in Dodging
 18284 | Lair:2   | Reached skill level 5 in Dodging
 18467 | Lair:3   | Gained mutation: You can hop long distances. [Barachi
                  | growth]
 18467 | Lair:3   | Reached XP level 13. HP: 74/106 MP: 18/26
 18533 | Lair:3   | Found a staircase to the Swamp.
 19579 | Lair:4   | Found a staircase to the Slime Pits.
 19622 | Lair:4   | Reached skill level 1 in Translocations
 19701 | Lair:4   | Noticed a dire elephant
 19900 | Lair:4   | Reached skill level 5 in Translocations
 19905 | Lair:4   | Learned a level 4 spell: Manifold Assault
 20309 | Lair:4   | Killed a dire elephant
 20310 | Lair:4   | Reached skill level 1 in Ice Magic
 20748 | Lair:5   | Entered Level 5 of the Lair of Beasts
 21390 | Lair:5   | Reached skill level 5 in Ice Magic
 21684 | Lair:5   | Reached ****** piety under Cheibriados
 21884 | Lair:5   | Reached XP level 14. HP: 96/113 MP: 22/27
 21939 | Lair:5   | Identified the +1 leather armour of Satisfaction {+Blink}
 22120 | Lair:5   | Identified the +8 sling of the Eternal Void {antimagic, rF+
                  | rN+}
 22577 | Lair:5   | Found a large runed translucent door.
 22577 | Lair:5   | Found a large runed translucent door.
 23397 | D:12     | Killed Frances
 23582 | D:12     | Reached skill level 10 in Dodging
 23621 | D:12     | Noticed Lodul
 23907 | D:12     | Noticed monoptic's ghost (journeyman MiFi)
 23970 | D:12     | Identified the +5 chain mail of Sunlight {Fly rPois Int-4}
 24040 | D:12     | Killed Lodul
 24230 | D:12     | Identified the +3 sling "Kyefaaz" {drain, rElec MP+9 Str+10
                  | Dex-2}
 24284 | Orc:1    | Entered Level 1 of the Orcish Mines
 24322 | Orc:2    | Entered Level 2 of the Orcish Mines
 24341 | Orc:2    | Noticed Blork the orc
 24478 | Orc:1    | Killed Blork the orc
 24542 | Orc:2    | Noticed an orc warlord
 24934 | Orc:2    | Noticed Nergalle
 24950 | Orc:2    | Killed Nergalle
 26108 | Orc:2    | Found a staircase to the Elven Halls.
 26114 | Orc:1    | Found Mishruss's Jewellery Shoppe.
 26284 | Orc:2    | Found a runed translucent gate.
 26284 | Orc:2    | Found a runed translucent gate.
 26284 | Orc:2    | Found a runed translucent gate.
 26330 | Orc:2    | Noticed jasper's ghost (journeyman DsFi)
 26342 | Orc:2    | Found a burning altar of Makhleb.
 26523 | Orc:2    | Found Kyel's Antique Weapon Shoppe.
 26530 | Orc:2    | Bought a translucent falchion for 232 gold pieces
 26530 | Orc:2    | Identified the +4 falchion of Wariness {flame, rElec rN+
                  | Dex-4} (You bought it in a shop on level 2 of the Orcish
                  | Mines)
 26560 | Orc:2    | Found Unliosh's Antique Armour Shoppe.
 26596 | Orc:2    | Found Jufiufobus's General Store.
 26611 | Orc:2    | Found Himoz's Jewellery Shoppe.
 26662 | Orc:2    | Found Yhatigh's General Store.
 26763 | Orc:2    | Killed an orc warlord
 27167 | D:3      | Killed osoart's ghost
 27542 | D:6      | Found a runed translucent door.
 27543 | D:6      | Noticed Crazy Yiuf
 27592 | D:6      | Killed Duvessa
 27930 | D:6      | Killed Crazy Yiuf
 28187 | D:10     | Killed howech's ghost
 28404 | D:12     | Killed monoptic's ghost
 28460 | D:12     | Identified the +1 robe "Ruech" {+Blink +Inv rElec rF-}
 28594 | D:13     | Acquired a manual of Transmutations
 28766 | D:13     | Reached skill level 10 in Spellcasting
 28823 | D:14     | Reached XP level 15. HP: 101/124 MP: 25/29
 28922 | D:14     | Found a gate leading to a gauntlet.
 28934 | Gauntlet | Entered a Gauntlet
 28934 | Gauntlet | Found a transporter.
 28947 | Gauntlet | Found a transporter.
 28958 | Gauntlet | Found a transporter.
 28963 | Gauntlet | Found a transporter.
 28978 | Gauntlet | Found a transporter.
 28997 | Gauntlet | Found a transporter.
 29009 | Gauntlet | Found a transporter.
 29021 | Gauntlet | Found a transporter.
 29033 | Gauntlet | Found a transporter.
 29045 | Gauntlet | Found a transporter.
 29065 | Gauntlet | Found a transporter.
 29406 | Gauntlet | Found a transporter.
 29408 | Gauntlet | Found a transporter.
 29410 | Gauntlet | Found a transporter.
 29438 | Gauntlet | Found a transporter.
 29440 | Gauntlet | Found a transporter.
 29447 | Gauntlet | Found a transporter.
 29464 | Gauntlet | Found a transporter.
 29699 | Gauntlet | Identified the amulet "Ychuube" {RegenMP +Blink rN+}
 30080 | Gauntlet | Identified the ring "Qufry" {Wiz rPois Int+2 SInv}
 30123 | Gauntlet | Identified the ring of Fuafud {Str+4 Int+6}
 30131 | Gauntlet | Identified the +0 steam dragon scales "Damnoqep" {Regen+
                  | rCorr Str+3}
 30134 | Gauntlet | Got Fatsorik's Anthology of Firn
 30248 | D:13     | Noticed Sonja
 30258 | D:13     | Killed Sonja
 30510 | D:13     | Noticed Rupert
 30512 | D:13     | Paralysed by Rupert for 5 turns
 30533 | D:13     | Killed Rupert
 31756 | D:14     | Found a gate to the Vaults.
 32378 | D:15     | Entered Level 15 of the Dungeon
 32859 | D:15     | Found a staircase to the Depths.
 33421 | D:15     | Reached XP level 16. HP: 134/134 MP: 12/31
 33425 | D:15     | Reached skill level 10 in Ice Magic
 33625 | D:15     | Identified Roxanne's Handbook of Oromancy
 33625 | D:15     | Noticed Roxanne
 34723 | Spider:1 | Entered Level 1 of the Spider Nest
 35890 | Spider:1 | Reached skill level 15 in Armour
 35973 | Spider:1 | Reached skill level 15 in Fighting
 35973 | Spider:1 | Reached skill level 1 in Transmutations
 36769 | Spider:1 | Identified the +7 war axe of Mandamus {venom, *Corrode rN++
                  | Will+ Int+2}
 36814 | Spider:1 | Learned a level 2 spell: Wereblood
 37845 | Spider:2 | Gained mutation: You are dopey. (Int -2) [mutagenic glow]
 38503 | Spider:2 | Found a runed translucent door.
 38503 | Spider:2 | Noticed Kilowitz's ghost (journeyman MiFi)
 39435 | Spider:3 | Reached skill level 5 in Transmutations
 40484 | Spider:4 | Entered Level 4 of the Spider Nest
 40815 | Spider:3 | Reached XP level 17. HP: 136/142 MP: 33/33
 40970 | Spider:4 | Reached skill level 10 in Shields
 42391 | Spider:4 | Noticed Atatinuu's ghost (adept MiBe)
 42393 | Spider:4 | Found a runed translucent gate.
 42393 | Spider:4 | Found a runed translucent gate.
 42393 | Spider:4 | Found a runed translucent gate.
 42796 | Spider:4 | Reached skill level 10 in Translocations
 44367 | Spider:4 | Got a gossamer rune of Zot
 44650 | Swamp:1  | Entered Level 1 of the Swamp
 46647 | Swamp:2  | Noticed Kirke
 46684 | Swamp:2  | Killed Kirke
 48559 | Swamp:3  | Reached skill level 15 in Spellcasting
 48827 | Swamp:3  | Found a shadowy altar of Dithmenos.
 48989 | Swamp:4  | Entered Level 4 of the Swamp
 48995 | Swamp:4  | Reached XP level 18. HP: 151/151 MP: 18/37
 51133 | Swamp:4  | Acquired a +5 demon blade of freezing
 52860 | Swamp:4  | Paralysed by a hornet for 3 turns
 53219 | Swamp:4  | Got a decaying rune of Zot
 53814 | Vaults:1 | Entered Level 1 of the Vaults
 53814 | Vaults:1 | Noticed Nikola
 53919 | Vaults:1 | Killed Nikola
 54207 | Vaults:1 | Noticed Donald
 54225 | Vaults:1 | Noticed Zenata
 54283 | Vaults:1 | HP: 2/153 [deep troll[an ironbound preserver] (17)]
 54283 | Vaults:1 | Slain by a deep troll

Illustrated notes

Levels and vault maps discovered:
D:1:      heliophobic_arrival_enchanted_forest, layout_basic,
          serial_corexii_hall, chequers_hall_statues_y, corexii_hall_statues_l,
          shapermc_ecumenical_altar_flowoftime, nrook_loot_triangle
D:2:      layout_loops_corners, uniq_sigmund
D:3:      layout_rooms, ebering_ghost_rock_garden
D:4:      layout_loops_ring, nicolae_dithmenos_through_a_glass_darkly,
          elyvilon_altar_4, nicolae_ru_sacrificial_ziggurat,
          kennysheep_little_box, enter_ossuary_2,
          hangedman_decor_diamond_cutter, minmay_misc_feat_tower,
          kennysheep_small_spiral, kennysheep_generic_room_10
D:5:      layout_loops_ring, serial_shops, shop, uniq_menkaure,
          uniq_prince_ribbit1
D:6:      layout_loops_ring, uniq_crazy_yiuf_cottage, uniq_duvessa, uniq_pikel
D:7:      layout_cave_pools, minmay_temple_entry_from_below_a, enter_bailey_6
D:8:      layout_cave_pools, jmf_multi_god_temple2
D:9:      layout_loops_corners, lair_entry_dummy, serial_shops, shop,
          minmay_statues_item, uniq_grum, uniq_maggie
D:10:     layout_loops_corners, okawaru_humans, nzn_wu_jian_contemplation,
          gammafunk_ghost_hive, serial_aquarium, aquarium_bridge_square
          [aquarium_subvault_bridge, aquarium_subvault_bridge,
          aquarium_subvault_bridge, aquarium_subvault_wall],
          aquarium_bridge_long_joined [aquarium_subvault_bridge,
          aquarium_subvault_wall, aquarium_subvault_bridge,
          aquarium_subvault_window, aquarium_subvault_balcony,
          aquarium_subvault_window], aquarium_window_2, aquarium_window_corner,
          aquarium_window_1, aquarium_window_1, aquarium_view_2c,
          aquarium_view_2g, aquarium_balcony_3b, aquarium_pool_2,
          kennysheep_decorative_pillar
D:11:     layout_rooms, orc_0_dummy
D:12:     layout_irregular_city, biasface_ghost_orc_armoury, uniq_lodul,
          uniq_frances
D:13:     layout_rooms, uniq_sonja, uniq_rupert
D:14:     layout_small_grid, erik_vaults_2, minmay_misc_feat_cross,
          gauntlet_entry_generic, hangedman_abyss_or_decor_stabs
D:15:     hangedman_depths_entry_civil_slaughter, layout_basic, moated_statue,
          hex_large, chequers_mini_garden, serial_park_tiny_pond,
          minmay_misc_feat_secret_circle, uniq_roxanne
Temple:   nicolae_temple_bog_church
Lair:1:   layout_long_grid, beast_lair_carwin_2
Lair:2:   layout_cave_pods, dummy_spider_entry, grunt_megastairs_2
Lair:3:   layout_hall_layers, skrybe_swamp_entry_bodies
Lair:4:   mu_elephants_graveyard, layout_long_grid, slime_entry_1,
          nzn_sisyphean_effort, infiniplex_staircase_pool
Lair:5:   cheibrodos_lair_end_hotspot, layout_cave_pods,
          gammafunk_ghost_hydra_chop, serial_bayou_shore_b
Swamp:1:  layout_basic_swamp, serial_swamp_ruin, evilmike_swamp_ruin_house_3,
          evilmike_swamp_ruin_house_5, evilmike_swamp_ruin_rubble_1
Swamp:2:  layout_basic_swamp, evilmike_swamp_ruin_house_2, uniq_kirke
Swamp:3:  layout_basic_swamp, nicolae_swamp_godswood, swamp_pool3,
          nicolae_swamp_fairy_circle, nicolae_swamp_big_swirl
Swamp:4:  swamp_basic_johnstein, layout_basic_swamp
Spider:1: layout_spider_delve, hive_lemuel
Spider:2: layout_spider_delve, gammafunk_ghost_grave
Spider:3: layout_spider_delve, hellmonk_watch_for_rolling_rocks
Spider:4: spider_rune_water, gammafunk_ghost_split
Orc:1:    layout_diamond_mine, serial_shops, nicolae_shop_stone
Orc:2:    grunt_orc_cross, layout_caves, basic_altar, ebering_ghost_rock_garden,
          serial_shops, nicolae_lakefront_shop, bloody_makhleb
Vaults:1: v_misc_28, nicolae_vaults_network_quinsquares
          [nicolae_vaults_network_quincunx_subvault,
          nicolae_vaults_network_quincunx_subvault,
          nicolae_vaults_network_quincunx_subvault,
          nicolae_vaults_network_quincunx_subvault],
          nicolae_vaults_windows_and_doors_thing,
          vaults_room_grunt_arrival_ludios, vaults_mumra_hex,
          nicolae_vaults_network_star, nicolae_vaults_quartermaster,
          vaults_mumra_lcd, nicolae_vaults_rhombus_6, layout_vaults_ring,
          uniq_donald, uniq_zenata, uniq_nikola

Skill      XL: |  1  2  3  4  5  6  7  8  9 10 11 12 13 14 15 16 17 18 |
---------------+-------------------------------------------------------+-----
Fighting       | 4 5 6 7 9 10 11 13 14 15 16 | 16.8
Long Blades    | 3 4 5 7 8 10 14 | 14.0
Armour         | 4 5 6 7 9 10 11 13 14 15 16 | 16.8
Shields        | 4 5 7 8 9 11 12 | 12.0
Spellcasting   | 2 9 10 11 12 15 | 15.5
Dodging        | 5 9 10 | 10.7
Translocations | 6 7 8 9 10 | 10.9
Ice Magic      | 7 9 10 | 10.5
Transmutations | 5 |  5.0

Action                     |  1- 3 |  4- 6 |  7- 9 | 10-12 | 13-15 | 16-18 || total
---------------------------+-------+-------+-------+-------+-------+-------++-------
  Melee: Long sword        |   127 |   212 |   337 |       |    14 |       ||   690
         Scimitar          |       |       |    96 |   704 |  1465 |  1279 ||  3544
         Falchion          |       |       |       |       |    16 |   732 ||   748
         Unarmed           |       |       |       |       |       |    15 ||    15
         Demon blade       |       |       |       |       |       |   205 ||   205
   Cast: Manifold Assault  |       |       |       |       |   125 |   765 ||   890
         Wereblood         |       |       |       |       |       |     3 ||     3
Ability: Hop               |       |       |       |       |       |     1 ||     1
  Evoke: Wand              |       |     3 |    13 |     9 |     7 |       ||    32
    Use: Potion            |       |     3 |     1 |     1 |     1 |     5 ||    11
         Scroll            |       |     8 |    10 |     8 |    14 |     9 ||    49
   Stab: Paralysed         |       |       |    34 |       |       |       ||    34
         Invisible         |       |       |       |     2 |     6 |       ||     8
         Sleeping          |       |       |       |     1 |       |       ||     1
         Distracted        |       |       |       |       |     2 |       ||     2
 Armour: Scale mail        |    55 |       |       |       |       |       ||    55
         Chain mail        |    31 |   159 |   106 |       |   207 |       ||   503
         Skin              |       |       |    23 |       |       |       ||    23
         Ring mail         |       |       |    31 |   205 |    73 |       ||   309
         Crystal plate arm |       |       |       |       |    65 |   655 ||   720
  Dodge: Dodged            |    62 |    82 |   197 |   451 |  1192 |   685 ||  2669
         Repelled          |       |       |       |       |       |    22 ||    22
  Block: Buckler           |    47 |    53 |    92 |   245 |   535 |    51 ||  1023
         Kite shield       |       |       |       |       |       |   807 ||   807

Table legend: (Time is in decaauts)
 A = Elapsed time spent in this place.
 B = Non-inter-level travel time spent in this place.
 C = Inter-level travel time spent in this place.
 D = Time resting spent in this place.
 E = Time spent auto-exploring this place.
 F = Levels seen in this place.
 G = Mean time per level.
                   A        B        C        D        E       F      G
               +--------+--------+--------+--------+--------+-----+--------+
         Total |  76092 |  70425 |   5667 |  19057 |  38297 |  35 | 2174.1 |
       Dungeon |  29649 |  26491 |   3158 |   4862 |  17001 |  15 | 1976.6 |
        Temple |    186 |    149 |     37 |      0 |    133 |   1 |  186.0 |
          Lair |  14702 |  13325 |   1377 |   3617 |   7618 |   5 | 2940.4 |
         Swamp |  10938 |  10530 |    408 |   4985 |   4306 |   4 | 2734.5 |
   Spider Nest |  11815 |  11269 |    546 |   3341 |   6122 |   4 | 2953.8 |
  Orcish Mines |   4140 |   4002 |    138 |    822 |   2290 |   2 | 2070.0 |
        Vaults |    471 |    471 |      0 |    180 |    156 |   1 |  471.0 |
       Ossuary |    683 |    683 |      0 |    317 |    106 |   1 |  683.0 |
        Bailey |   1186 |   1186 |      0 |    591 |    251 |   1 | 1186.0 |
      Gauntlet |   2319 |   2319 |      0 |    338 |    310 |   1 | 2319.0 |
               +--------+--------+--------+--------+--------+-----+--------+

Top non-repeatable levels by time:
  Lair:2: 4996 daAuts
Spider:4: 4388 daAuts
 Swamp:4: 4111 daAuts
  Lair:5: 3668 daAuts
    D:15: 3616 daAuts
Spider:3: 3575 daAuts
 Swamp:3: 2973 daAuts
    D:12: 2944 daAuts
    D:11: 2749 daAuts
  Lair:4: 2700 daAuts
    D:10: 2632 daAuts
     D:6: 2461 daAuts
Spider:2: 2453 daAuts
     D:9: 2425 daAuts
Gauntlet: 2319 daAuts
